 Dungeon Crawl Stone Soup version 0.22.1-1-ga44c0e5 (webtiles) character file.

20297 raph the Thaumaturge (level 12, -7/92 HPs)
             Began as a Purple Draconian Fire Elementalist on Oct 12, 2018.
             Was a High Priest of Kikubaaqudgha.
             Blown up by a great orb of eyes (44 damage)
             ... with a disintegration bolt
             ... on level 2 of the Abyss on Oct 13, 2018.
             The game lasted 01:09:58 (23128 turns).

raph the Thaumaturge (DrFE)                        Turns: 23128, Time: 01:10:00

Health: -7/92      AC: 15    Str:  9 (10) XL:     12   Next: 44%
Magic:  23/25      EV: 15    Int: 24 (25) God:    Kikubaaqudgha [*****.]
Gold:   1056       SH:  0    Dex: 12      Spells: 2/30 levels left

rFire    . . .     SeeInvis .   b - +1 dagger (venom)
rCold    . . .     Gourm    .   U - +1 buckler
rNeg     . . .     Faith    .   (armour unavailable)
rPois    .         Spirit   .   (helmet restricted)
rElec    .         Reflect  .   h - +1 cloak
rCorr    .         Harm     .   G - +1 pair of gloves
MR       +....                  t - +2 pair of boots
Stlth    +.........             (no amulet)
HPRegen  0.00/turn              K - +4 ring of dexterity
MPRegen  0.19/turn              o - +4 ring of intelligence

@: confused, non-regenerating, mildly diseased
A: breathe power, unfitting armour, [blurry vision 3], [clumsy 2],
[deterioration 2], cold-blooded, AC +8
a: Breathe Dispelling Energy, Receive Corpses, Torment, Renounce Religion


You were on level 2 of the Abyss.
You worshipped Kikubaaqudgha.
Kikubaaqudgha was extremely pleased with you.
You were hungry.

You visited 3 branches of the dungeon, and saw 15 of its levels.
You visited the Abyss 1 time.
You also visited: Ossuary.

You collected 1056 gold pieces.

Inventory:

Hand Weapons
 b - a +1 dagger of venom (weapon)
 d - a +0 rapier
 f - the +1 dagger "Anoischy" {freeze, rN+ MR+ Str+3}
   (You found it on level 4 of the Dungeon)

   It has been specially enchanted to freeze those struck by it, causing extra
   injury to most foes and up to half again as much damage against particularly
   susceptible opponents.
   It can also slow down cold-blooded creatures.
   It affects your strength (+3).
   It protects you from negative energy.
   It affects your resistance to hostile enchantments.
 M - a +1 dagger of electrocution
Missiles
 e - 328 stones
 N - 9 tomahawks (quivered)
Armour
 h - a +1 cloak (worn)
 t - a +2 pair of boots (worn)
 G - a +1 pair of gloves (worn)
 U - a +1 buckler (worn)
Magical Staves
 a - an uncursed staff of wizardry
Jewellery
 l - an uncursed ring of protection from cold
 o - a +4 ring of intelligence (right hand)
 r - an uncursed ring of protection from magic
 v - an uncursed ring of teleportation
 B - a +2 ring of evasion
 K - a +4 ring of dexterity (left hand)
 O - an uncursed amulet of rage
 Q - an uncursed ring of poison resistance
 W - an uncursed ring of protection from fire
Wands
 q - a wand of iceblast (30)
 y - a wand of polymorph (26)
 A - a wand of acid (2)
 H - a wand of digging (16)
 I - a wand of disintegration (15)
 L - a wand of paralysis (22)
 T - a wand of flame (30)
 V - a wand of clouds (6)
Scrolls
 c - 7 scrolls of teleportation
 g - 3 scrolls of fog
 p - a scroll of magic mapping
 w - 4 scrolls of amnesia
 z - 3 scrolls of fear
 R - 6 scrolls of remove curse
 S - 3 scrolls of enchant weapon
 Z - a scroll of immolation
Potions
 i - a potion of flight
 k - 2 potions of cancellation
 m - a potion of ambrosia
 n - 6 potions of brilliance
 x - 2 potions of berserk rage
 C - 4 potions of might
 D - 3 potions of curing
 E - a potion of lignification {unknown}
 F - 2 potions of invisibility
 P - a potion of resistance
 X - 3 potions of agility
Miscellaneous
 J - a crystal ball of energy
Comestibles
 u - 28 rations


   Skills:
 - Level 4.6 Fighting
 * Level 5.4 Short Blades
 + Level 6.7 Dodging
 - Level 3.3 Stealth
 + Level 3.8 Shields
 + Level 9.5 Spellcasting
 - Level 8.7 Conjurations
 - Level 2.7 Hexes
 * Level 8.9 Necromancy
 - Level 9.2 Fire Magic
 + Level 2.9 Earth Magic


You had 2 spell levels left.
You knew the following spells:

 Your Spells              Type           Power        Failure   Level  Hunger
a - Flame Tongue          Conj/Fire      #####        1%          1    None
b - Conjure Flame         Conj/Fire      ######..     1%          3    None
c - Sticky Flame          Conj/Fire      ######..     1%          4    ##.....
d - Animate Skeleton      Necr           N/A          1%          1    None
e - Fireball              Conj/Fire      ######....   3%          5    ####...
f - Inner Flame           Hex/Fire       #####...     1%          3    None
g - Dazzling Spray        Conj/Hex       #####.       1%          3    None
h - Sublimation of Blood  Necr           ######....   1%          2    None
i - Borgnjor's Vile Clut  Necr/Erth      #####.....   14%         5    ####...
j - Pain                  Necr           ####         1%          1    None

Your spell library contained the following spells:

 Spells                   Type           Power        Failure   Level  Hunger
 Confusing Touch          Hex            ###...       1%          1    None
 Corona                   Hex            ###....      1%          1    None
 Corpse Rot               Necr           N/A          1%          2    None
 Throw Flame              Conj/Fire      ######       1%          2    None
 Throw Frost              Conj/Ice       ####..       1%          2    None
 Ensorcelled Hibernation  Hex/Ice        ###...       4%          2    None
 Apportation              Tloc           ##....       5%          1    None
 Freeze                   Ice            ##..         5%          1    None
 Summon Small Mammal      Summ           ##..         5%          1    None
 Vampiric Draining        Necr           ######....   1%          3    None
 Animate Dead             Necr           N/A          1%          4    ##.....
 Dispel Undead            Necr           ######..     4%          5    ####...
 Confuse                  Hex            ###.....     5%          3    None
 Tukima's Dance           Hex            ###.....     5%          3    None
 Throw Icicle             Conj/Ice       ####....     9%          4    ##.....
 Ozocubu's Armour         Chrm/Ice       ##......     17%         3    None
 Death Channel            Necr           ######....   22%         6    ######.
 Excruciating Wounds      Chrm/Necr      ####......   24%         5    ####...
 Summon Ice Beast         Ice/Summ       ##......     50%         4    ##.....


Dungeon Overview and Level Annotations

Branches:
Dungeon (11/15)            Temple (1/1) D:4            Lair (3/6) D:11
 Shoals (0/4) Lair:2       Spider (0/4) Lair:3
    Orc: D:9-12

Altars:
Ashenzari
Cheibriados
Dithmenos
Elyvilon
Fedhas
Gozag
Hepliaklqana
Kikubaaqudgha
Makhleb
Nemelex Xobeh
Okawaru
Qazlal
Ru
Sif Muna
Trog
Uskayaw
Vehumet
Wu Jian
Xom
Yredelemnul
Zin
The Shining One

Shops:
D:5 %

Annotations:
D:11 exclusion: oklob plant
Lair:3 Sonja


Innate Abilities, Weirdness & Mutations

You can breathe bolts of dispelling energy.
Your rich purple scales are hard. (AC +8)
You cannot fit into any form of body armour.
You are cold-blooded and may be slowed by cold attacks.
[Scrolls take you much longer to read.]
[You are very clumsy. (Dex -4)]
[Your body often deteriorates upon taking damage.]


Message History

The eye of draining turns its gaze towards you.
The shining eye turns its gaze towards you.
The great orb of eyes turns its gaze towards you.
The wizard howls an incantation.
You feel disoriented. The golden eye blinks at you.
You are more confused.
The worldbinder calls forth creatures from the Orcish Mines!
The eye of devastation gazes at you. The bolt of energy hits you!
Your body deteriorates!
You feel dopey.
The great orb of eyes bites you but does no damage.
You feel much better.
The shining eye turns its gaze towards you.
The wizard hits you with a dagger. The large abomination hits you!
Your body deteriorates!
You feel weakened. The great orb of eyes gazes at you.
You are blasted!
You die...
Kikubaaqudgha rasps: "You have failed me!
Welcome... death!"

..# . ##... #. #.###.
####### .. #..##.
###..+..###. . #.. #
##..#####..## .. ###.o.#
#.###...###.##..#ยง#.#.#
.##...G.G*##.# ###.#...#
.#.....@X..#####.x# ....
##...###p..x.h'.#.#.....
#...##G##...T.'.#.#. # .
#.G.#G#G########.... . .
#...##.#+ ......##
##.GG###. ##...##.
.#....... ##...#..
.##...... ..## .$


You could see a wretched star, 3 great orbs of eyes, 2 shining eyes, an eye of
devastation, a large abomination, a wizard, a worldbinder, an eye of draining, a
troll, a warg and a golden eye.

Vanquished Creatures
  Harold (D:9)
  2 hydras
  A catoblepas (D:11)
  A two-headed ogre (D:8)
  A death yak (Lair:3)
  Pikel (D:7)
  A cyclops (D:11)
  A manticore (D:11)
  3 elephants (Lair:3)
  A spiny frog (Lair:3)
  2 rime drakes (Lair:3)
  2 komodo dragons (Lair:2)
  5 hippogriffs
  A wraith (D:11)
  7 yaks (Lair:3)
  2 wyverns
  3 basilisks
  A hungry ghost (D:11)
  6 water moccasins
  A porcupine (Lair:3)
  4 slaves (D:7)
  An ice beast (D:8)
  A necrophage (D:8)
  4 orc warriors
  A black bear (Lair:1)
  5 ogres
  3 phantoms
  16 wolves
  8 crocodiles
  7 centaurs
  12 bullfrogs
  3 elf zombies
  A big kobold (D:8)
  A water moccasin zombie (D:8)
  2 scorpions
  30 killer bees
  7 wights
  An electric eel (Lair:2)
  3 centaur zombies
  6 hounds
  A jelly (D:11)
  2 human zombies (D:6)
  An orc priest (D:3)
  Crazy Yiuf (D:4)
  A bullfrog skeleton (D:11)
  2 centaur skeletons
  A human skeleton (D:6)
  An iguana (D:3)
  9 worker ants
  Ijyb (D:3)
  3 orc wizards
  A big kobold zombie (Ossuary)
  2 hound zombies (Ossuary)
  A hound skeleton (D:7)
  3 mummies (Ossuary)
  A worker ant zombie (D:7)
  Robin (D:2)
  7 gnolls
  11 adders
  2 shadow imps
  3 adder zombies (Ossuary)
  An adder skeleton (D:8)
  4 worms
  3 dart slugs
  2 leopard geckos
  18 orcs
  9 giant cockroaches
  15 goblins
  5 hobgoblins
  A jackal (D:3)
  11 kobolds
  4 quokkas
  A ball python (D:2)
  6 bats
  3 frilled lizards
  2 gnoll zombies (Ossuary)
  6 hobgoblin zombies (Ossuary)
  5 jackal zombies (Ossuary)
  2 kobold zombies (Ossuary)
  3 orc zombies
  4 quokka zombies (Ossuary)
  7 rats
  5 rat zombies (Ossuary)
  2 fungi
  2 plants (D:11)
335 creatures vanquished.

Vanquished Creatures (collateral kills)
  Erica (Lair:1)
  A rime drake (Lair:3)
  A queen bee (Lair:3)
  A hippogriff (D:8)
  A basilisk (Lair:3)
  2 wolves (Lair:1)
  A crocodile (Lair:3)
  A bullfrog (Lair:1)
  2 killer bees (Lair:3)
  A wight (D:8)
  A crimson imp (D:9)
  A quasit (D:9)
  A hound zombie (D:9)
  2 orcs
  3 kobolds (D:8)
20 creatures vanquished.

Vanquished Creatures (others)
  An ogre simulacrum (Abyss:2)
  7 fungi
  13 plants (Lair:3)
21 creatures vanquished.

Grand Total: 376 creatures vanquished

Notes
Turn   | Place    | Note
-------+----------+-------------------------------------------
     0 | D:1      | raph the Draconian Fire Elementalist began the quest for
                  | the Orb.
     0 | D:1      | Reached XP level 1. HP: 14/14 MP: 3/3
   468 | D:1      | Reached XP level 2. HP: 19/20 MP: 3/5
  1407 | D:1      | Reached XP level 3. HP: 19/26 MP: 2/6
  1660 | D:2      | Learned a level 3 spell: Conjure Flame
  2238 | D:2      | Reached XP level 4. HP: 33/33 MP: 1/7
  2414 | D:2      | Noticed Robin
  2673 | D:2      | Killed Robin
  3256 | D:2      | Reached XP level 5. HP: 36/38 MP: 4/8
  3295 | D:2      | Found an ornate altar of the Wu Jian Council.
  3930 | D:3      | Found a glowing golden altar of the Shining One.
  4169 | D:3      | Learned a level 4 spell: Sticky Flame
  4766 | D:3      | Noticed Ijyb
  5115 | D:3      | Reached XP level 6. HP: 13/45 MP: 4/10
  5214 | D:3      | Killed Ijyb
  5218 | D:3      | Learned a level 1 spell: Animate Skeleton
  5614 | D:4      | Found a staircase to the Ecumenical Temple.
  5624 | Temple   | Entered the Ecumenical Temple
  5687 | D:4      | Found a radiant altar of Vehumet.
  5871 | D:4      | Found a shimmering altar of Xom.
  5967 | D:4      | Got a fine dagger
  5968 | D:4      | Identified the cursed +1 dagger "Anoischy" {freeze, rN+ MR+
                  | Str+3} (You found it on level 4 of the Dungeon)
  6037 | D:4      | Found a blossoming altar of Fedhas.
  6229 | D:4      | Found a runed door.
  6233 | D:4      | Noticed Crazy Yiuf
  6241 | D:4      | Killed Crazy Yiuf
  6440 | D:5      | Entered Level 5 of the Dungeon
  6466 | D:5      | Found Aruzid's Food Shoppe.
  6652 | D:5      | Reached skill level 5 in Fire Magic
  7267 | D:5      | Your scales start taking on a rich purple colour.
  7267 | D:5      | Reached XP level 7. HP: 50/50 MP: 7/13
  7268 | D:5      | Found an iron altar of Okawaru.
  7752 | Temple   | Became a worshipper of Kikubaaqudgha
  7904 | D:6      | Reached skill level 5 in Conjurations
  8015 | D:6      | Reached skill level 1 in Necromancy
  8206 | D:6      | Found a sand-covered staircase.
  8234 | D:6      | Reached skill level 1 in Fighting
  8255 | D:6      | Reached skill level 1 in Short Blades
  8255 | D:6      | Reached XP level 8. HP: 59/59 MP: 0/15
  8394 | Ossuary  | Entered an ossuary
  8652 | Ossuary  | Reached * piety under Kikubaaqudgha
  8652 | Ossuary  | Identified Kikubaaqudgha's Collected Works on Evil Arts
                  | (Kikubaaqudgha gifted it to you in an ossuary)
  8652 | Ossuary  | Received a gift from Kikubaaqudgha
  9603 | D:6      | Learned a level 5 spell: Fireball
  9621 | D:6      | Found a basalt altar of Yredelemnul.
  9697 | D:6      | Reached skill level 5 in Spellcasting
 10002 | D:6      | Learned a level 3 spell: Inner Flame
 10579 | D:6      | Found a sacrificial altar of Ru.
 10704 | D:7      | Found a stormy altar of Qazlal.
 10753 | D:7      | Reached ** piety under Kikubaaqudgha
 11111 | D:7      | Found a shadowy altar of Dithmenos.
 11111 | D:7      | Found a burning altar of Makhleb.
 11280 | D:7      | Noticed Pikel
 11292 | D:7      | Killed Pikel
 11292 | D:7      | Reached XP level 9. HP: 47/67 MP: 4/17
 12113 | D:8      | Found a glowing golden altar of the Shining One.
 12120 | D:8      | Found a sparkling altar of Nemelex Xobeh.
 12142 | D:8      | Noticed a two-headed ogre
 12156 | D:8      | Killed a two-headed ogre
 12918 | D:9      | Found a deep blue altar of Sif Muna.
 12923 | D:9      | Learned a level 3 spell: Dazzling Spray
 12984 | D:9      | Reached XP level 10. HP: 71/73 MP: 13/20
 13308 | D:9      | Reached *** piety under Kikubaaqudgha
 13308 | D:9      | Identified Kikubaaqudgha's Incunabulum of Unholy Secrets
                  | (Kikubaaqudgha gifted it to you on level 9 of the Dungeon)
 13308 | D:9      | Received a gift from Kikubaaqudgha
 13465 | D:9      | Reached skill level 1 in Hexes
 13612 | D:9      | Noticed Harold
 13628 | D:9      | Killed Harold
 13891 | D:9      | Found a snail-covered altar of Cheibriados.
 13928 | D:9      | Reached skill level 5 in Necromancy
 14171 | D:10     | Entered Level 10 of the Dungeon
 14752 | D:10     | Learned a level 2 spell: Sublimation of Blood
 14768 | D:10     | Found a sparkling altar of Nemelex Xobeh.
 14781 | D:10     | Reached skill level 5 in Dodging
 15057 | D:11     | Noticed a manticore
 15057 | D:11     | Noticed a catoblepas
 15625 | D:11     | Killed a manticore
 15633 | D:11     | Noticed an oklob plant
 15889 | D:11     | Killed a catoblepas
 16666 | D:11     | Reached XP level 11. HP: 58/82 MP: 8/22
 17450 | D:11     | Found a staircase to the Lair.
 17499 | Lair:1   | Entered Level 1 of the Lair of Beasts
 17875 | Lair:1   | Reached skill level 1 in Shields
 18047 | Lair:1   | Noticed a seven-headed hydra
 18263 | Lair:1   | Reached **** piety under Kikubaaqudgha
 18303 | Lair:1   | Noticed Erica
 18313 | Lair:1   | Killed Erica
 18661 | Lair:1   | Killed a seven-headed hydra
 19598 | Lair:2   | Found a staircase to the Shoals.
 19936 | Lair:3   | Learned a level 5 spell: Borgnjor's Vile Clutch
 20020 | Lair:3   | Noticed a six-headed hydra
 20698 | Lair:3   | Reached skill level 1 in Earth Magic
 20847 | Lair:3   | Learned a level 1 spell: Pain
 20940 | Lair:3   | Noticed a death yak
 20975 | Lair:3   | Killed a death yak
 21005 | Lair:3   | Reached XP level 12. HP: 77/92 MP: 10/25
 21103 | Lair:3   | Killed a six-headed hydra
 21540 | Lair:3   | Found a hole to the Spider Nest.
 21731 | Lair:3   | Noticed Sonja
 22031 | Lair:3   | Reached ***** piety under Kikubaaqudgha
 22313 | Lair:3   | Reached skill level 5 in Short Blades
 22774 | Lair:3   | Got a fine garnet amulet
 22776 | Lair:3   | Identified the amulet "Zabrefraifa" {Inacc Int+4} (You
                  | found it on level 3 of the Lair of Beasts)
 23020 | Lair:3   | Cast into level 2 of the Abyss (Sonja)
 23059 | Abyss:2  | Noticed a bone dragon
 23119 | Abyss:2  | Noticed a great orb of eyes
 23124 | Abyss:2  | Noticed a great orb of eyes
 23127 | Abyss:2  | Noticed a great orb of eyes
 23128 | Abyss:2  | Blown up by a great orb of eyes

Skill      XL: |  1  2  3  4  5  6  7  8  9 10 11 12 |
---------------+-------------------------------------+-----
Dodging        | 2 3 4 5 6 |  6.7
Stealth        | 2 3 |  3.3
Conjurations   | 2 3 4 5 6 7 8 |  8.7
Fire Magic     | 4 5 6 7 8 9 |  9.2
Spellcasting   | 4 5 6 7 9 |  9.5
Necromancy     | 1 3 4 6 8 |  8.9
Fighting       | 1 2 3 4 |  4.6
Short Blades   | 1 4 5 |  5.4
Hexes          | 2 |  2.7
Shields        | 2 3 |  3.8
Earth Magic    | 1 2 |  2.9

Action                   |  1- 3 |  4- 6 |  7- 9 | 10-12 || total
-------------------------+-------+-------+-------+-------++-------
Melee: Unarmed           |    10 |       |       |       ||    10
       Dagger            |    10 |    76 |    45 |   234 ||   365
       Tailslap          |     1 |    10 |     4 |    47 ||    62
       Rapier            |       |     7 |       |       ||     7
       Staff             |       |       |    19 |    77 ||    96
Throw: Stone             |     8 |       |       |       ||     8
 Cast: Flame Tongue      |    58 |   126 |   128 |   192 ||   504
       Conjure Flame     |     3 |     4 |    41 |    13 ||    61
       Sticky Flame      |       |     1 |    14 |    70 ||    85
       Animate Skeleton  |       |     2 |    18 |    41 ||    61
       Fireball          |       |       |     5 |    34 ||    39
       Inner Flame       |       |       |       |     7 ||     7
       Dazzling Spray    |       |       |       |     3 ||     3
       Borgnjor's Vile C |       |       |       |     8 ||     8
       Pain              |       |       |       |     6 ||     6
Invok: Receive Corpses   |       |       |       |     1 ||     1
 Abil: Breathe Dispellin |       |       |       |     1 ||     1
Evoke: Wand              |       |       |     2 |     5 ||     7
  Use: Potion            |       |     4 |       |     4 ||     8
       Scroll            |       |    12 |     7 |    12 ||    31
 Stab: Sleeping          |       |     1 |     1 |     4 ||     6
       Distracted        |       |       |     1 |     2 ||     3
       Invisible         |       |       |       |     1 ||     1
  Eat: Chunk             |     4 |    10 |    10 |    25 ||    49
       Ration            |       |     2 |     4 |     7 ||    13
Armor: Skin              |    10 |    40 |    48 |   169 ||   267
Dodge: Dodged            |    32 |    98 |    74 |   461 ||   665
Block: Buckler           |       |       |       |    78 ||    78
